 Dungeon Crawl Stone Soup version 0.20.1-1-g8b1a95d (webtiles) character file.

114 letownia2 the Grave Robber (level 4, 26/36 HPs)
             Began as a Deep Dwarf Necromancer on Dec 7, 2017.
             Quit the game in the Ecumenical Temple.
             The game lasted 00:04:13 (831 turns).

letownia2 the Grave Robber (Deep Dwarf Necromancer)  Turns: 831, Time: 00:04:13

Health: 26/36      AC:  4    Str: 12    XL:     4   Next: 66%
Magic:  7/7        EV: 12    Int: 16    God:
Gold:   52         SH:  0    Dex: 13    Spells: 3/7 levels left

rFire    . . .     SeeInvis .   (no weapon)
rCold    . . .     Gourm    .   (no shield)
rNeg     . . .     Faith    .   e - +0 leather armour
rPois    .         Spirit   .   d - +0 helmet
rElec    .         Reflect  .   (no cloak)
rCorr    .         Harm     .   (no gloves)
MR       .....                  (no boots)
Stlth    ++........             (no amulet)
Regen    0.0/turn               (no ring)
MPRegen  0.1/turn               (no ring)

@: non-regenerating
A: damage resistance, heal wounds, sense surroundings 1, no regeneration
a: Heal Wounds


You were in the Ecumenical Temple.
You were not hungry.

You visited 2 branches of the dungeon, and saw 5 of its levels.

You collected 52 gold pieces.

Inventory:

Hand Weapons
 f - a +1 dagger of venom
Armour
 a - a +0 robe
 d - a +0 helmet (worn)
 e - a +0 leather armour (worn)
Wands
 h - a wand of polymorph (6/24)
 k - a wand of iceblast (2/15)
Potions
 g - 2 potions of curing {unknown}
 i - a potion of berserk rage {unknown}
 j - a potion of mutation {unknown}
Books
 b - a book of Necromancy

   Spells                             Type                      Level
   a - Pain                           Necromancy                   1
   b - Animate Skeleton               Necromancy                   1
   c - Vampiric Draining              Necromancy                   3
   d - Regeneration                   Charms/Necromancy            3
   e - Animate Dead                   Necromancy                   4
   f - Control Undead                 Necromancy                   4
Comestibles
 c - 3 bread rations


   Skills:
 - Level 2.1 Dodging
 - Level 2.4 Stealth
 - Level 2.1 Spellcasting
 + Level 6.5 Necromancy


You had 3 spell levels left.
You knew the following spells:

 Your Spells              Type           Power        Failure   Level  Hunger
a - Pain                  Necr           ###.         1%          1    #......
v - Vampiric Draining     Necr           ###.......   5%          3    ###....


Dungeon Overview and Level Annotations

Branches:
Dungeon (4/15)             Temple (1/1) D:4

Altars:
Ashenzari
Cheibriados
Dithmenos
Elyvilon
Hepliaklqana
Makhleb
Okawaru
Qazlal
Ru
Uskayaw
Vehumet
Xom
Yredelemnul
Zin


Innate Abilities, Weirdness & Mutations

You are resistant to damage.
You can heal yourself by infusing magical energy.
You passively map a small area around you.
You do not regenerate.


Message History

Found a shimmering altar of Xom and a sacrificial altar of Ru.
Found a snail-covered altar of Cheibriados.
Found a glowing silver altar of Zin and a basalt altar of Yredelemnul.
Found a white marble altar of Elyvilon.
All of the chunks of flesh in your inventory have rotted away.
Found a hazy altar of Hepliaklqana and a burning altar of Makhleb.
Found an iron altar of Okawaru.
Found a hide-covered altar of Uskayaw and a shadowy altar of Dithmenos.
Found a stormy altar of Qazlal.
You aren't carrying any pieces of jewellery.
Unknown command.
Wear which item? (? for menu, Esc to quit)
Okay, then.
Okay, then.
Unknown command.
Evoke which item? (* to show all) (? for menu, Esc to quit)
Okay, then.
There is an iron altar of Okawaru here.
There is a staircase back to the Dungeon here.
Are you sure you want to abandon this character and quit the game? (Confirm with "yes".)

≈≈≈≈≈≈≈≈≈≈≈≈≈≈≈≈≈≈≈≈≈≈≈≈≈
≈≈≈≈.........................≈≈≈≈
.................................
................_................
._............................._.
........_..............._........
.................................
.................................
...._...........@..........._....
.................................
.................................
........_..............._........
._............................._.
................8................
.................................
≈≈≈≈.........................≈≈≈≈
≈≈≈≈≈≈≈≈≈≈≈≈≈≈≈≈≈≈≈≈≈≈≈≈≈≈≈≈≈≈≈≈≈


There were no monsters in sight!

Vanquished Creatures
  A hound (D:4)
  An orc wizard (D:4)
  A worker ant (D:4)
  2 adders (D:3)
  4 orcs (D:4)
  2 giant cockroaches
  3 quokkas
  4 bats (D:3)
  A rat (D:3)
19 creatures vanquished.

Notes
Turn   | Place    | Note
-------+----------+-------------------------------------------
     0 | D:1      | letownia2 the Deep Dwarf Necromancer began the quest for the Orb.
     0 | D:1      | Reached XP level 1. HP: 15/15 MP: 3/3
   139 | D:3      | Found a shattered altar of Ashenzari.
   233 | D:3      | Reached XP level 2. HP: 20/22 MP: 0/5
   301 | D:3      | Reached skill level 5 in Necromancy
   418 | D:4      | Reached XP level 3. HP: 23/28 MP: 2/6
   425 | D:4      | Learned a level 3 spell: Vampiric Draining
   477 | D:4      | Reached skill level 6 in Necromancy
   477 | D:4      | Reached XP level 4. HP: 36/36 MP: 1/7
   752 | D:4      | Found a staircase to the Ecumenical Temple.
   758 | Temple   | Entered the Ecumenical Temple
   831 | Temple   | Quit the game

Skill      XL: |  1  2  3 |
---------------+----------+-----
Spellcasting   | 2 |  2.1
Necromancy     | 5 6 |  6.5
Dodging        | |  2.1
Stealth        | |  2.4

Action                   |  1- 3 |  4- 6 || total
-------------------------+-------+-------++-------
Melee: Unarmed           |    21 |       ||    21
 Cast: Pain              |    28 |    14 ||    42
Evoke: Wand              |     1 |       ||     1
Armor: Leather armour    |    28 |       ||    28
       Skin              |     1 |       ||     1
Dodge: Dodged            |    42 |       ||    42
